Workbook

Sheet 价格表
A1: 附件4-1
A2: 益阳市一般治疗类医疗服务项目价格表（征求意见稿）
A3: 序号 | B3: 国家项目代码 | C3: 立项指南项目名称 | D3: 服务 产出 | E3: 价格 构成 | F3: 加收项 | G3: 扩展项 | H3: 计价 单位 | I3: 计价 说明 | J3: 一类价格 | K3: 二类一档价格 | L3: 二类二档价格 | M3: 三类价格 | N3: 基层价格 | O3: 支付分类 | P3: 自付比例
J4: 价格单位：元
A5: 1 | B5: 011203000010000 | C5: 采血费（末梢） | D5: 通过末梢采集血液。 | E5: 所定价格涵盖核对信息、评估、定位、消毒、穿刺、采血、拔针、按压、血样保存、送检、处理用物等步骤所需的人力资源和基本物质资源消耗。 | H5: 次 | I5: 1.本项目所称的“次”指：一次完整成功的采血过程。 2.本项目所称的“末梢”指：指尖、耳尖、足跟等。 | J5: 3 | K5: =VLOOKUP(B5,[1]附件一!$B:$M,12,FALSE) -> 3 | L5: =VLOOKUP(B5,[1]附件一!$B:$N,13,FALSE) -> 3 | M5: =VLOOKUP(B5,[1]附件一!$B:$O,14,FALSE) -> 3 | N5: =VLOOKUP(B5,[1]附件一!$B:$P,15,FALSE) -> 3 | O5: 甲类 | P5: 0
A6: 2 | B6: 011203000020000 | C6: 采血费（静脉） | D6: 通过静脉采集血液。 | E6: 所定价格涵盖核对信息、评估、定位、消毒、穿刺、采血、拔针、按压、血样保存、送检、处理用物等步骤所需的人力资源和基本物质资源消耗。 | F6: 01儿童加收 | H6: 次 | I6: 本项目所称的“次”指：一次完整成功的采血过程。 | J6: =VLOOKUP(B6,[1]附件一!$B:$L,11,FALSE) -> 6 | K6: =VLOOKUP(B6,[1]附件一!$B:$M,12,FALSE) -> 6 | L6: =VLOOKUP(B6,[1]附件一!$B:$N,13,FALSE) -> 6 | M6: =VLOOKUP(B6,[1]附件一!$B:$O,14,FALSE) -> 6 | N6: =VLOOKUP(B6,[1]附件一!$B:$P,15,FALSE) -> 6 | O6: 甲类 | P6: 0
B7: 011203000020001 | C7: 采血费（静脉）-儿童（加收） | J7: =VLOOKUP(B7,[1]附件一!$B:$L,11,FALSE) -> 2 | K7: =VLOOKUP(B7,[1]附件一!$B:$M,12,FALSE) -> 2 | L7: =VLOOKUP(B7,[1]附件一!$B:$N,13,FALSE) -> 2 | M7: =VLOOKUP(B7,[1]附件一!$B:$O,14,FALSE) -> 2 | N7: =VLOOKUP(B7,[1]附件一!$B:$P,15,FALSE) -> 2
A8: 3 | B8: 011203000030000 | C8: 采血费（动脉） | D8: 通过动脉采集血液。 | E8: 所定价格涵盖核对信息、评估、定位、消毒、穿刺、采血、拔针、按压、血样保存、送检、处理用物等步骤所需的人力资源和基本物质资源消耗。 | F8: 01儿童加收 | H8: 次 | I8: 本项目所称的“次”指：一次完整成功的采血过程。 | J8: =VLOOKUP(B8,[1]附件一!$B:$L,11,FALSE) -> 18 | K8: =VLOOKUP(B8,[1]附件一!$B:$M,12,FALSE) -> 18 | L8: =VLOOKUP(B8,[1]附件一!$B:$N,13,FALSE) -> 18 | M8: =VLOOKUP(B8,[1]附件一!$B:$O,14,FALSE) -> 18 | N8: =VLOOKUP(B8,[1]附件一!$B:$P,15,FALSE) -> 18 | O8: 甲类 | P8: 0
B9: 011203000030001 | C9: 采血费（动脉）-儿童（加收） | J9: =VLOOKUP(B9,[1]附件一!$B:$L,11,FALSE) -> 5 | K9: =VLOOKUP(B9,[1]附件一!$B:$M,12,FALSE) -> 5 | L9: =VLOOKUP(B9,[1]附件一!$B:$N,13,FALSE) -> 5 | M9: =VLOOKUP(B9,[1]附件一!$B:$O,14,FALSE) -> 5 | N9: =VLOOKUP(B9,[1]附件一!$B:$P,15,FALSE) -> 5
A10: 4 | B10: 011202000010000 | C10: 注射费（普通注射） | D10: 通过肌肉、皮内、皮下注射方式，完成液体注入。 | E10: 所定价格涵盖核对信息、评估、配制、定位、消毒、注射、拔针、按压、观察用药反应、记录、处理用物等步骤所需的人力资源和基本物质资源消耗。 | F10: 01儿童加收 | H10: 次 | I10: 每完成一次完整成功的注射操作，可计费一次。 | J10: =VLOOKUP(B10,[1]附件一!$B:$L,11,FALSE) -> 6 | K10: =VLOOKUP(B10,[1]附件一!$B:$M,12,FALSE) -> 6 | L10: =VLOOKUP(B10,[1]附件一!$B:$N,13,FALSE) -> 6 | M10: =VLOOKUP(B10,[1]附件一!$B:$O,14,FALSE) -> 6 | N10: =VLOOKUP(B10,[1]附件一!$B:$P,15,FALSE) -> 6 | O10: 甲类 | P10: 0
B11: 011202000010001 | C11: 注射费（普通注射）-儿童（加收） | J11: =VLOOKUP(B11,[1]附件一!$B:$L,11,FALSE) -> 2 | K11: =VLOOKUP(B11,[1]附件一!$B:$M,12,FALSE) -> 2 | L11: =VLOOKUP(B11,[1]附件一!$B:$N,13,FALSE) -> 2 | M11: =VLOOKUP(B11,[1]附件一!$B:$O,14,FALSE) -> 2 | N11: =VLOOKUP(B11,[1]附件一!$B:$P,15,FALSE) -> 2
A12: 5 | B12: 011202000020000 | C12: 注射费（静脉推注） | D12: 通过静脉通路完成液体推注。 | E12: 所定价格涵盖核对信息、评估、配制、定位、消毒、穿刺或连接已有管路/给药装置、推注、拔针、按压或冲管/封管、观察用药反应、记录、处理用物以及必要时加注药液等步骤所需的人力资源和基本物质资源消耗。 | F12: 01儿童加收 11精准定量输注 | H12: 次 | I12: 1.每完成一次完整成功的注射操作，可计费一次。经多次穿刺构建不同通路的，可累计计费。 2.本项目所称的“精准定量输注”指：通过输液泵等装置将药液精确定量控制注入患者体内。按每组每小时2元加收。 3.已在外周静脉、深静脉、中心静脉、药物输注装置等建立输液通路的，再次进行注射的，可直接按此收费。 | J12: =VLOOKUP(B12,[1]附件一!$B:$L,11,FALSE) -> 8 | K12: =VLOOKUP(B12,[1]附件一!$B:$M,12,FALSE) -> 8 | L12: =VLOOKUP(B12,[1]附件一!$B:$N,13,FALSE) -> 8 | M12: =VLOOKUP(B12,[1]附件一!$B:$O,14,FALSE) -> 8 | N12: =VLOOKUP(B12,[1]附件一!$B:$P,15,FALSE) -> 8 | O12: 甲类 | P12: 0
B13: 011202000020001 | C13: 注射费（静脉推注）-儿童（加收） | J13: =VLOOKUP(B13,[1]附件一!$B:$L,11,FALSE) -> 2 | K13: =VLOOKUP(B13,[1]附件一!$B:$M,12,FALSE) -> 2 | L13: =VLOOKUP(B13,[1]附件一!$B:$N,13,FALSE) -> 2 | M13: =VLOOKUP(B13,[1]附件一!$B:$O,14,FALSE) -> 2 | N13: =VLOOKUP(B13,[1]附件一!$B:$P,15,FALSE) -> 2
B14: 011202000020011 | C14: 注射费（静脉推注）-精准定量输注（加收） | J14: =VLOOKUP(B14,[1]附件一!$B:$L,11,FALSE) -> 2 | K14: =VLOOKUP(B14,[1]附件一!$B:$M,12,FALSE) -> 2 | L14: =VLOOKUP(B14,[1]附件一!$B:$N,13,FALSE) -> 2 | M14: =VLOOKUP(B14,[1]附件一!$B:$O,14,FALSE) -> 2 | N14: =VLOOKUP(B14,[1]附件一!$B:$P,15,FALSE) -> 2
A15: 6 | B15: 011202000030000 | C15: 注射费（动脉推注） | D15: 通过动脉通路完成液体推注。 | E15: 所定价格涵盖核对信息、评估、配制、定位、消毒、穿刺或连接已有管路/给药装置、推注、拔针、按压或冲管/封管、观察用药反应、记录、处理用物以及必要时加注药液等步骤所需的人力资源和基本物质资源消耗。 | F15: 01儿童加收 | H15: 次 | I15: 每完成一次完整成功的注射操作，可计费一次。经多次穿刺构建不同通路的，可累计计费。 | J15: =VLOOKUP(B15,[1]附件一!$B:$L,11,FALSE) -> 18 | K15: =VLOOKUP(B15,[1]附件一!$B:$M,12,FALSE) -> 18 | L15: =VLOOKUP(B15,[1]附件一!$B:$N,13,FALSE) -> 18 | M15: =VLOOKUP(B15,[1]附件一!$B:$O,14,FALSE) -> 18 | N15: =VLOOKUP(B15,[1]附件一!$B:$P,15,FALSE) -> 18 | O15: 甲类 | P15: 0
B16: 011202000030001 | C16: 注射费（动脉推注）-儿童（加收） | J16: =VLOOKUP(B16,[1]附件一!$B:$L,11,FALSE) -> 5 | K16: =VLOOKUP(B16,[1]附件一!$B:$M,12,FALSE) -> 5 | L16: =VLOOKUP(B16,[1]附件一!$B:$N,13,FALSE) -> 5 | M16: =VLOOKUP(B16,[1]附件一!$B:$O,14,FALSE) -> 5 | N16: =VLOOKUP(B16,[1]附件一!$B:$P,15,FALSE) -> 5
A17: 7 | B17: 011202000040000 | C17: 注射费（静脉输液） | D17: 通过静脉通路完成液体输注。 | E17: 所定价格涵盖核对信息、评估、配制、连接输液器、定位、消毒、排气、穿刺、固定、滴注、拔针、按压或冲管/封管、观察用药反应、记录、处理用物，以及必要时加温、加压输注或加注药液等步骤所需的人力资源和基本物质资源消耗。 | F17: 01儿童加收 11精准定量输注 | H17: 次 | I17: 1.如在静脉输液过程中，通过在管路或者容器中注药，不得另外收取各类“注射费”。 2.每完成一次完整的注射操作，可计费一次。经多次穿刺构建不同通路的，可累计计费。 3.已在外周静脉、深静脉、中心静脉、药物输注装置等建立输液通路的，再次进行注射的，可直接按此收费。 4.本项目所称的“精准定量输注”指：通过输液泵等装置将药液精确定量控制注入患者体内。按每组每小时2元加收。 | J17: =VLOOKUP(B17,[1]附件一!$B:$L,11,FALSE) -> 14 | K17: =VLOOKUP(B17,[1]附件一!$B:$M,12,FALSE) -> 14 | L17: =VLOOKUP(B17,[1]附件一!$B:$N,13,FALSE) -> 14 | M17: =VLOOKUP(B17,[1]附件一!$B:$O,14,FALSE) -> 14 | N17: =VLOOKUP(B17,[1]附件一!$B:$P,15,FALSE) -> 14 | O17: 甲类 | P17: 0
B18: 011202000040001 | C18: 注射费（静脉输液）-儿童（加收） | J18: =VLOOKUP(B18,[1]附件一!$B:$L,11,FALSE) -> 4 | K18: =VLOOKUP(B18,[1]附件一!$B:$M,12,FALSE) -> 4 | L18: =VLOOKUP(B18,[1]附件一!$B:$N,13,FALSE) -> 4 | M18: =VLOOKUP(B18,[1]附件一!$B:$O,14,FALSE) -> 4 | N18: =VLOOKUP(B18,[1]附件一!$B:$P,15,FALSE) -> 4
B19: 011202000040011 | C19: 注射费（静脉输液）-精准定量输注（加收） | J19: =VLOOKUP(B19,[1]附件一!$B:$L,11,FALSE) -> 2 | K19: =VLOOKUP(B19,[1]附件一!$B:$M,12,FALSE) -> 2 | L19: =VLOOKUP(B19,[1]附件一!$B:$N,13,FALSE) -> 2 | M19: =VLOOKUP(B19,[1]附件一!$B:$O,14,FALSE) -> 2 | N19: =VLOOKUP(B19,[1]附件一!$B:$P,15,FALSE) -> 2
A20: 8 | B20: 011202000050000 | C20: 注射费（静脉输血） | D20: 通过静脉通路完成各类血制品输注。 | E20: 所定价格涵盖核对信息、评估、连接输血器、定位、消毒、排气、穿刺、固定、输注、拔针、按压或冲管/封管、观察输血反应、记录、处理用物，以及必要时加温、加压输注或加注血制品等步骤所需的人力资源和基本物质资源消耗。 | F20: 01儿童加收 | H20: 次 | I20: 1.每完成一次（每袋血制品）完整的注射操作，可计费一次。经多次穿刺构建不同通路的，可累计计费。 2.已在外周静脉、深静脉、中心静脉、药物输注装置等建立输血通路的，再次进行输血的，可直接按此收费。 | J20: =VLOOKUP(B20,[1]附件一!$B:$L,11,FALSE) -> 9 | K20: =VLOOKUP(B20,[1]附件一!$B:$M,12,FALSE) -> 9 | L20: =VLOOKUP(B20,[1]附件一!$B:$N,13,FALSE) -> 9 | M20: =VLOOKUP(B20,[1]附件一!$B:$O,14,FALSE) -> 9 | N20: =VLOOKUP(B20,[1]附件一!$B:$P,15,FALSE) -> 9 | O20: 甲类 | P20: 0
B21: 011202000050001 | C21: 注射费（静脉输血）-儿童（加收） | J21: =VLOOKUP(B21,[1]附件一!$B:$L,11,FALSE) -> 3 | K21: =VLOOKUP(B21,[1]附件一!$B:$M,12,FALSE) -> 3 | L21: =VLOOKUP(B21,[1]附件一!$B:$N,13,FALSE) -> 3 | M21: =VLOOKUP(B21,[1]附件一!$B:$O,14,FALSE) -> 3 | N21: =VLOOKUP(B21,[1]附件一!$B:$P,15,FALSE) -> 3
A22: 9 | B22: 011202000060000 | C22: 注射费（心内注射） | D22: 通过经皮穿刺向心脏内注射药物。 | E22: 所定价格涵盖核对信息、评估、配制、定位、消毒、穿刺、注射、拔针、按压或冲管/封管、观察用药反应、记录、处理用物等步骤所需的人力资源和基本物质资源消耗。 | F22: 01儿童加收 | H22: 次 | I22: 每完成一次完整成功的注射操作，可计费一次。 | J22: =VLOOKUP(B22,[1]附件一!$B:$L,11,FALSE) -> 27 | K22: =VLOOKUP(B22,[1]附件一!$B:$M,12,FALSE) -> 27 | L22: =VLOOKUP(B22,[1]附件一!$B:$N,13,FALSE) -> 27 | M22: =VLOOKUP(B22,[1]附件一!$B:$O,14,FALSE) -> 27 | N22: =VLOOKUP(B22,[1]附件一!$B:$P,15,FALSE) -> 27 | O22: 甲类 | P22: 0
B23: 011202000060001 | C23: 注射费（心内注射）-儿童（加收） | J23: =VLOOKUP(B23,[1]附件一!$B:$L,11,FALSE) -> 8 | K23: =VLOOKUP(B23,[1]附件一!$B:$M,12,FALSE) -> 8 | L23: =VLOOKUP(B23,[1]附件一!$B:$N,13,FALSE) -> 8 | M23: =VLOOKUP(B23,[1]附件一!$B:$O,14,FALSE) -> 8 | N23: =VLOOKUP(B23,[1]附件一!$B:$P,15,FALSE) -> 8
A24: 10 | B24: 011202000070000 | C24: 注射费（局部封闭） | D24: 通过在病灶周围多次注射，消除炎症、解除疼痛、软化瘢痕、改善功能或预防感染。 | E24: 所定价格涵盖核对信息、评估、配制、定位、消毒、反复穿刺、注射、拔针、按压、观察用药反应、处理用物等步骤所需的人力资源和基本物质资源消耗。 | F24: 01儿童加收 | G24: 01局部浸润注射 | H24: 次 | I24: 本项目所称的“次”指：完成单个部位完整的局部封闭治疗。 | J24: =VLOOKUP(B24,[1]附件一!$B:$L,11,FALSE) -> 32 | K24: =VLOOKUP(B24,[1]附件一!$B:$M,12,FALSE) -> 32 | L24: =VLOOKUP(B24,[1]附件一!$B:$N,13,FALSE) -> 32 | M24: =VLOOKUP(B24,[1]附件一!$B:$O,14,FALSE) -> 32 | N24: =VLOOKUP(B24,[1]附件一!$B:$P,15,FALSE) -> 32 | O24: 甲类 | P24: 0
B25: 011202000070001 | C25: 注射费（局部封闭）-儿童（加收） | J25: =VLOOKUP(B25,[1]附件一!$B:$L,11,FALSE) -> 10 | K25: =VLOOKUP(B25,[1]附件一!$B:$M,12,FALSE) -> 10 | L25: =VLOOKUP(B25,[1]附件一!$B:$N,13,FALSE) -> 10 | M25: =VLOOKUP(B25,[1]附件一!$B:$O,14,FALSE) -> 10 | N25: =VLOOKUP(B25,[1]附件一!$B:$P,15,FALSE) -> 10
B26: 011202000070100 | C26: 注射费（局部封闭）-局部浸润注射（加收） | J26: =VLOOKUP(B26,[1]附件一!$B:$L,11,FALSE) -> 32 | K26: =VLOOKUP(B26,[1]附件一!$B:$M,12,FALSE) -> 32 | L26: =VLOOKUP(B26,[1]附件一!$B:$N,13,FALSE) -> 32 | M26: =VLOOKUP(B26,[1]附件一!$B:$O,14,FALSE) -> 32 | N26: =VLOOKUP(B26,[1]附件一!$B:$P,15,FALSE) -> 32
A27: 11 | B27: 011205000010000 | C27: 清创缝合费（小） | D27: 清理小伤口创面，必要时进行缝合，促进创面修复。 | E27: 所定价格涵盖检查伤口、清除组织血肿、冲洗、消毒、包扎固定，必要时缝合、引流等步骤所需的人力资源和基本物质资源消耗。 | F27: 01儿童加收 11累及重要器官及功能部位 | H27: 次 | I27: 本项目所称的“清创缝合费（小）”指符合下列任一情况者：表浅切伤，裂伤，刺伤，伤口长度1-5厘米(含5厘米)，或急慢性创面直径或长度1-2厘米(含2厘米)等。 | J27: =VLOOKUP(B27,[1]附件一!$B:$L,11,FALSE) -> 54 | K27: =VLOOKUP(B27,[1]附件一!$B:$M,12,FALSE) -> 54 | L27: =VLOOKUP(B27,[1]附件一!$B:$N,13,FALSE) -> 54 | M27: =VLOOKUP(B27,[1]附件一!$B:$O,14,FALSE) -> 54 | N27: =VLOOKUP(B27,[1]附件一!$B:$P,15,FALSE) -> 54 | O27: 甲类 | P27: 0
B28: 011205000010001 | C28: 清创缝合费（小）-儿童（加收） | J28: =VLOOKUP(B28,[1]附件一!$B:$L,11,FALSE) -> 16 | K28: =VLOOKUP(B28,[1]附件一!$B:$M,12,FALSE) -> 16 | L28: =VLOOKUP(B28,[1]附件一!$B:$N,13,FALSE) -> 16 | M28: =VLOOKUP(B28,[1]附件一!$B:$O,14,FALSE) -> 16 | N28: =VLOOKUP(B28,[1]附件一!$B:$P,15,FALSE) -> 16
B29: 011205000010011 | C29: 清创缝合费（小）-累及重要器官及功能部位（加收） | J29: =VLOOKUP(B29,[1]附件一!$B:$L,11,FALSE) -> 16 | K29: =VLOOKUP(B29,[1]附件一!$B:$M,12,FALSE) -> 16 | L29: =VLOOKUP(B29,[1]附件一!$B:$N,13,FALSE) -> 16 | M29: =VLOOKUP(B29,[1]附件一!$B:$O,14,FALSE) -> 16 | N29: =VLOOKUP(B29,[1]附件一!$B:$P,15,FALSE) -> 16
A30: 12 | B30: 011205000020000 | C30: 清创缝合费（中） | D30: 清理中等伤口创面，必要时进行缝合，促进创面修复。 | E30: 所定价格涵盖检查伤口、清除组织血肿、冲洗、消毒、包扎固定，必要时缝合、引流等步骤所需的人力资源和基本物质资源消耗。 | F30: 01儿童加收 11累及重要器官及功能部位 21肠瘘伤口清创 | H30: 次 | I30: 本项目所称的“清创缝合费（中）”指符合下列任一情况者：轻微污染伤口，软组织轻度损伤，皮肤轻度损伤或缺损，异物存在，伤口长度5-10厘米、急慢性创面直径或长度2厘米-5厘米(含5厘米)等。 | J30: =VLOOKUP(B30,[1]附件一!$B:$L,11,FALSE) -> 122 | K30: =VLOOKUP(B30,[1]附件一!$B:$M,12,FALSE) -> 122 | L30: =VLOOKUP(B30,[1]附件一!$B:$N,13,FALSE) -> 122 | M30: =VLOOKUP(B30,[1]附件一!$B:$O,14,FALSE) -> 122 | N30: =VLOOKUP(B30,[1]附件一!$B:$P,15,FALSE) -> 122 | O30: 甲类 | P30: 0
B31: 011205000020001 | C31: 清创缝合费（中）-儿童（加收） | J31: =VLOOKUP(B31,[1]附件一!$B:$L,11,FALSE) -> 37 | K31: =VLOOKUP(B31,[1]附件一!$B:$M,12,FALSE) -> 37 | L31: =VLOOKUP(B31,[1]附件一!$B:$N,13,FALSE) -> 37 | M31: =VLOOKUP(B31,[1]附件一!$B:$O,14,FALSE) -> 37 | N31: =VLOOKUP(B31,[1]附件一!$B:$P,15,FALSE) -> 37
B32: 011205000020011 | C32: 清创缝合费（中）-累及重要器官及功能部位（加收） | J32: =VLOOKUP(B32,[1]附件一!$B:$L,11,FALSE) -> 37 | K32: =VLOOKUP(B32,[1]附件一!$B:$M,12,FALSE) -> 37 | L32: =VLOOKUP(B32,[1]附件一!$B:$N,13,FALSE) -> 37 | M32: =VLOOKUP(B32,[1]附件一!$B:$O,14,FALSE) -> 37 | N32: =VLOOKUP(B32,[1]附件一!$B:$P,15,FALSE) -> 37
B33: 011205000020021 | C33: 清创缝合费（中）-肠瘘伤口清创（加收） | J33: =VLOOKUP(B33,[1]附件一!$B:$L,11,FALSE) -> 37 | K33: =VLOOKUP(B33,[1]附件一!$B:$M,12,FALSE) -> 37 | L33: =VLOOKUP(B33,[1]附件一!$B:$N,13,FALSE) -> 37 | M33: =VLOOKUP(B33,[1]附件一!$B:$O,14,FALSE) -> 37 | N33: =VLOOKUP(B33,[1]附件一!$B:$P,15,FALSE) -> 37
A34: 13 | B34: 011205000030000 | C34: 清创缝合费（大） | D34: 清理大伤口创面，必要时进行缝合，促进创面修复。 | E34: 所定价格涵盖检查伤口、清除组织血肿、冲洗、消毒、包扎固定，必要时缝合、引流等步骤所需的人力资源和基本物质资源消耗。 | F34: 01儿童加收 11累及重要器官及功能部位 21肠瘘伤口清创 | H34: 次 | I34: 本项目所称的“清创缝合费（大）”指伤口长度大于10厘米并符合下列任一情况者：严重污染伤口，软组织严重损伤，皮肤严重损伤或缺损，特殊感染伤口，二期清创，多发异物伤口，血管、神经、肌肉、骨骼、关节严重损伤伤口，化学武器创口等。 | J34: =VLOOKUP(B34,[1]附件一!$B:$L,11,FALSE) -> 216 | K34: =VLOOKUP(B34,[1]附件一!$B:$M,12,FALSE) -> 216 | L34: =VLOOKUP(B34,[1]附件一!$B:$N,13,FALSE) -> 216 | M34: =VLOOKUP(B34,[1]附件一!$B:$O,14,FALSE) -> 216 | N34: =VLOOKUP(B34,[1]附件一!$B:$P,15,FALSE) -> 216 | O34: 甲类 | P34: 0
B35: 011205000030001 | C35: 清创缝合费（大）-儿童（加收） | J35: =VLOOKUP(B35,[1]附件一!$B:$L,11,FALSE) -> 65 | K35: =VLOOKUP(B35,[1]附件一!$B:$M,12,FALSE) -> 65 | L35: =VLOOKUP(B35,[1]附件一!$B:$N,13,FALSE) -> 65 | M35: =VLOOKUP(B35,[1]附件一!$B:$O,14,FALSE) -> 65 | N35: =VLOOKUP(B35,[1]附件一!$B:$P,15,FALSE) -> 65
B36: 011205000030011 | C36: 清创缝合费（大）-累及重要器官及功能部位（加收） | J36: =VLOOKUP(B36,[1]附件一!$B:$L,11,FALSE) -> 65 | K36: =VLOOKUP(B36,[1]附件一!$B:$M,12,FALSE) -> 65 | L36: =VLOOKUP(B36,[1]附件一!$B:$N,13,FALSE) -> 65 | M36: =VLOOKUP(B36,[1]附件一!$B:$O,14,FALSE) -> 65 | N36: =VLOOKUP(B36,[1]附件一!$B:$P,15,FALSE) -> 65
B37: 011205000030021 | C37: 清创缝合费（大）-肠瘘伤口清创（加收） | J37: =VLOOKUP(B37,[1]附件一!$B:$L,11,FALSE) -> 65 | K37: =VLOOKUP(B37,[1]附件一!$B:$M,12,FALSE) -> 65 | L37: =VLOOKUP(B37,[1]附件一!$B:$N,13,FALSE) -> 65 | M37: =VLOOKUP(B37,[1]附件一!$B:$O,14,FALSE) -> 65 | N37: =VLOOKUP(B37,[1]附件一!$B:$P,15,FALSE) -> 65
A38: 14 | B38: 011205000040000 | C38: 清创缝合费（特大） | D38: 清理特大伤口创面，必要时进行缝合，促进创面修复。 | E38: 所定价格涵盖检查伤口、清除组织血肿、冲洗、消毒、包扎固定，必要时缝合、引流等步骤所需的人力资源和基本物质资源消耗。 | F38: 01儿童加收 11累及重要器官及功能部位 | H38: 次 | I38: 本项目所称的“清创缝合费（特大）”指伤口面积大于100平方厘米或伤口长度大于20厘米或涉及腹壁深层感染和腹腔脏器损伤，并符合以下任一情况者：严重污染伤口、软组织严重损伤、皮肤严重损伤或缺损、特殊感染伤口、感染性窦道、二期或多期清创、多发异物伤口、血管、神经、肌肉、骨骼、关节严重损伤伤口，化学武器创口。 | J38: =VLOOKUP(B38,[1]附件一!$B:$L,11,FALSE) -> 270 | K38: =VLOOKUP(B38,[1]附件一!$B:$M,12,FALSE) -> 270 | L38: =VLOOKUP(B38,[1]附件一!$B:$N,13,FALSE) -> 270 | M38: =VLOOKUP(B38,[1]附件一!$B:$O,14,FALSE) -> 270 | N38: =VLOOKUP(B38,[1]附件一!$B:$P,15,FALSE) -> 270 | O38: 甲类 | P38: 0
B39: 011205000040001 | C39: 清创缝合费（特大）-儿童（加收） | J39: =VLOOKUP(B39,[1]附件一!$B:$L,11,FALSE) -> 81 | K39: =VLOOKUP(B39,[1]附件一!$B:$M,12,FALSE) -> 81 | L39: =VLOOKUP(B39,[1]附件一!$B:$N,13,FALSE) -> 81 | M39: =VLOOKUP(B39,[1]附件一!$B:$O,14,FALSE) -> 81 | N39: =VLOOKUP(B39,[1]附件一!$B:$P,15,FALSE) -> 81
B40: 011205000040011 | C40: 清创缝合费（特大）-累及重要器官及功能部位（加收） | J40: =VLOOKUP(B40,[1]附件一!$B:$L,11,FALSE) -> 81 | K40: =VLOOKUP(B40,[1]附件一!$B:$M,12,FALSE) -> 81 | L40: =VLOOKUP(B40,[1]附件一!$B:$N,13,FALSE) -> 81 | M40: =VLOOKUP(B40,[1]附件一!$B:$O,14,FALSE) -> 81 | N40: =VLOOKUP(B40,[1]附件一!$B:$P,15,FALSE) -> 81
A41: 15 | B41: 011206000010000 | C41: 换药费（小） | D41: 通过对小创面进行换药，预防控制感染、促进创面修复。 | E41: 所定价格涵盖检查创面、清洁、消毒、更换敷料、包扎固定，必要时拆线以及更换引流物等步骤所需的人力资源和基本物质资源消耗。 | F41: 01儿童加收 | H41: 次 | I41: 本项目所称的“换药费（小）”指符合下列任一情况者：清洁伤口、缝合3针以内伤口拆线（包括皮内连续缝合拆线）等。 | J41: =VLOOKUP(B41,[1]附件一!$B:$L,11,FALSE) -> 11 | K41: =VLOOKUP(B41,[1]附件一!$B:$M,12,FALSE) -> 11 | L41: =VLOOKUP(B41,[1]附件一!$B:$N,13,FALSE) -> 11 | M41: =VLOOKUP(B41,[1]附件一!$B:$O,14,FALSE) -> 11 | N41: =VLOOKUP(B41,[1]附件一!$B:$P,15,FALSE) -> 11 | O41: 甲类 | P41: 0
B42: 011206000010001 | C42: 换药费（小）-儿童（加收） | J42: =VLOOKUP(B42,[1]附件一!$B:$L,11,FALSE) -> 3 | K42: =VLOOKUP(B42,[1]附件一!$B:$M,12,FALSE) -> 3 | L42: =VLOOKUP(B42,[1]附件一!$B:$N,13,FALSE) -> 3 | M42: =VLOOKUP(B42,[1]附件一!$B:$O,14,FALSE) -> 3 | N42: =VLOOKUP(B42,[1]附件一!$B:$P,15,FALSE) -> 3
A43: 16 | B43: 011206000020000 | C43: 换药费（中） | D43: 通过对中创面进行换药，预防控制感染、促进创面修复。 | E43: 所定价格涵盖检查创面、清洁、消毒、更换敷料、包扎固定，必要时拆线以及更换引流物等步骤所需的人力资源和基本物质资源消耗。 | F43: 01儿童加收 | H43: 次 | I43: 本项目所称的“换药费（中）”指符合下列任一情况者：污染伤口、缝合3-10针或慢性创面直径或长度2厘米-5厘米(含5厘米)伤口拆线、单个压疮、深静脉置管伤口、有引流管的伤口等。 | J43: =VLOOKUP(B43,[1]附件一!$B:$L,11,FALSE) -> 18 | K43: =VLOOKUP(B43,[1]附件一!$B:$M,12,FALSE) -> 18 | L43: =VLOOKUP(B43,[1]附件一!$B:$N,13,FALSE) -> 18 | M43: =VLOOKUP(B43,[1]附件一!$B:$O,14,FALSE) -> 18 | N43: =VLOOKUP(B43,[1]附件一!$B:$P,15,FALSE) -> 18 | O43: 甲类 | P43: 0
B44: 011206000020001 | C44: 换药费（中）-儿童（加收） | J44: =VLOOKUP(B44,[1]附件一!$B:$L,11,FALSE) -> 5 | K44: =VLOOKUP(B44,[1]附件一!$B:$M,12,FALSE) -> 5 | L44: =VLOOKUP(B44,[1]附件一!$B:$N,13,FALSE) -> 5 | M44: =VLOOKUP(B44,[1]附件一!$B:$O,14,FALSE) -> 5 | N44: =VLOOKUP(B44,[1]附件一!$B:$P,15,FALSE) -> 5
A45: 17 | B45: 011206000030000 | C45: 换药费（大） | D45: 通过对大创面进行换药，预防控制感染、促进创面修复。 | E45: 所定价格涵盖检查创面、清洁、消毒、更换敷料、包扎固定，必要时拆线以及更换引流物等步骤所需的人力资源和基本物质资源消耗。 | F45: 01儿童加收 | H45: 次 | I45: 本项目所称的“换药费（大）”指符合下列任一情况者：感染伤口、缝合11-30针或慢性创面直径或长度大于5厘米伤口拆线、多个压疮、皮瓣移植物伤口、大棉垫1-2块、渗出50-100毫升伤口等。 | J45: =VLOOKUP(B45,[1]附件一!$B:$L,11,FALSE) -> 27 | K45: =VLOOKUP(B45,[1]附件一!$B:$M,12,FALSE) -> 27 | L45: =VLOOKUP(B45,[1]附件一!$B:$N,13,FALSE) -> 27 | M45: =VLOOKUP(B45,[1]附件一!$B:$O,14,FALSE) -> 27 | N45: =VLOOKUP(B45,[1]附件一!$B:$P,15,FALSE) -> 27 | O45: 甲类 | P45: 0
B46: 011206000030001 | C46: 换药费（大）-儿童（加收） | J46: =VLOOKUP(B46,[1]附件一!$B:$L,11,FALSE) -> 8 | K46: =VLOOKUP(B46,[1]附件一!$B:$M,12,FALSE) -> 8 | L46: =VLOOKUP(B46,[1]附件一!$B:$N,13,FALSE) -> 8 | M46: =VLOOKUP(B46,[1]附件一!$B:$O,14,FALSE) -> 8 | N46: =VLOOKUP(B46,[1]附件一!$B:$P,15,FALSE) -> 8
A47: 18 | B47: 011206000040000 | C47: 换药费（特大） | D47: 通过对特大创面进行换药，预防控制感染、促进创面修复。 | E47: 所定价格涵盖检查创面、清洁、消毒、更换敷料、包扎固定，必要时拆线以及更换引流物等步骤所需的人力资源和基本物质资源消耗。 | F47: 01儿童加收 | H47: 次 | I47: 本项目所称的“换药费（特大）”指符合下列任一情况者：特殊感染伤口，缝合30针以上或慢性创面直径或长度大于10厘米伤口拆线，多个压疮感染，体表大于10%的皮瓣移植物及化学武器伤口，特殊部位伤口(会阴、切口裂开、内脏、软组织及皮下)，纱布需50块以上者，大棉垫3块以上，渗出大于100毫升伤口等。 | J47: =VLOOKUP(B47,[1]附件一!$B:$L,11,FALSE) -> 54 | K47: =VLOOKUP(B47,[1]附件一!$B:$M,12,FALSE) -> 54 | L47: =VLOOKUP(B47,[1]附件一!$B:$N,13,FALSE) -> 54 | M47: =VLOOKUP(B47,[1]附件一!$B:$O,14,FALSE) -> 54 | N47: =VLOOKUP(B47,[1]附件一!$B:$P,15,FALSE) -> 54 | O47: 甲类 | P47: 0
B48: 011206000040001 | C48: 换药费（特大）-儿童（加收） | J48: =VLOOKUP(B48,[1]附件一!$B:$L,11,FALSE) -> 16 | K48: =VLOOKUP(B48,[1]附件一!$B:$M,12,FALSE) -> 16 | L48: =VLOOKUP(B48,[1]附件一!$B:$N,13,FALSE) -> 16 | M48: =VLOOKUP(B48,[1]附件一!$B:$O,14,FALSE) -> 16 | N48: =VLOOKUP(B48,[1]附件一!$B:$P,15,FALSE) -> 16
A49: 19 | B49: 011206000050000 | C49: 换药费（烧/烫伤） | D49: 通过对烧/烫伤创面进行换药，预防控制感染、促进创面修复。 | E49: 所定价格涵盖检查创面、清洁、消毒、更换敷料、包扎固定，必要时拆线以及更换引流物等步骤所需的人力资源和基本物质资源消耗。 | F49: 01儿童加收 | H49: 1%体表面积 | I49: 大疱性表皮松脱症换药参照执行。每次最多不超过860元。 | J49: =VLOOKUP(B49,[1]附件一!$B:$L,11,FALSE) -> 23 | K49: =VLOOKUP(B49,[1]附件一!$B:$M,12,FALSE) -> 23 | L49: =VLOOKUP(B49,[1]附件一!$B:$N,13,FALSE) -> 23 | M49: =VLOOKUP(B49,[1]附件一!$B:$O,14,FALSE) -> 23 | N49: =VLOOKUP(B49,[1]附件一!$B:$P,15,FALSE) -> 23 | O49: 甲类 | P49: 0
B50: 011206000050001 | C50: 换药费（烧/烫伤）-儿童（加收） | J50: =VLOOKUP(B50,[1]附件一!$B:$L,11,FALSE) -> 7 | K50: =VLOOKUP(B50,[1]附件一!$B:$M,12,FALSE) -> 7 | L50: =VLOOKUP(B50,[1]附件一!$B:$N,13,FALSE) -> 7 | M50: =VLOOKUP(B50,[1]附件一!$B:$O,14,FALSE) -> 7 | N50: =VLOOKUP(B50,[1]附件一!$B:$P,15,FALSE) -> 7
A51: 20 | B51: 011211000010000 | C51: 穿刺费（胸腔） | D51: 穿刺胸腔，并根据需要进行注药、冲洗、采集标本或抽吸气体、液体等操作。 | E51: 所定价格涵盖核对信息、摆位、定位、消毒、穿刺、抽吸、注药或冲洗、留取标本、拔除、固定止血、处理用物、记录，必要时连接引流装置等步骤所需的人力资源和基本物质资源消耗。 | F51: 01儿童加收 11心包穿刺 21胸腔闭式引流 | H51: 次 | I51: 穿刺过程中同步留取样本按本项目收费，不与“活检取材费”同时收费。 | J51: =VLOOKUP(B51,[1]附件一!$B:$L,11,FALSE) -> 59 | K51: =VLOOKUP(B51,[1]附件一!$B:$M,12,FALSE) -> 59 | L51: =VLOOKUP(B51,[1]附件一!$B:$N,13,FALSE) -> 59 | M51: =VLOOKUP(B51,[1]附件一!$B:$O,14,FALSE) -> 59 | N51: =VLOOKUP(B51,[1]附件一!$B:$P,15,FALSE) -> 59 | O51: 甲类 | P51: 0
B52: 011211000010001 | C52: 穿刺费（胸腔）-儿童（加收） | J52: =VLOOKUP(B52,[1]附件一!$B:$L,11,FALSE) -> 18 | K52: =VLOOKUP(B52,[1]附件一!$B:$M,12,FALSE) -> 18 | L52: =VLOOKUP(B52,[1]附件一!$B:$N,13,FALSE) -> 18 | M52: =VLOOKUP(B52,[1]附件一!$B:$O,14,FALSE) -> 18 | N52: =VLOOKUP(B52,[1]附件一!$B:$P,15,FALSE) -> 18
B53: 011211000010011 | C53: 穿刺费（胸腔）-心包穿刺（加收） | J53: =VLOOKUP(B53,[1]附件一!$B:$L,11,FALSE) -> 106 | K53: =VLOOKUP(B53,[1]附件一!$B:$M,12,FALSE) -> 106 | L53: =VLOOKUP(B53,[1]附件一!$B:$N,13,FALSE) -> 106 | M53: =VLOOKUP(B53,[1]附件一!$B:$O,14,FALSE) -> 106 | N53: =VLOOKUP(B53,[1]附件一!$B:$P,15,FALSE) -> 106
B54: 011211000010021 | C54: 穿刺费（胸腔）-胸腔闭式引流（加收） | J54: =VLOOKUP(B54,[1]附件一!$B:$L,11,FALSE) -> 232 | K54: =VLOOKUP(B54,[1]附件一!$B:$M,12,FALSE) -> 232 | L54: =VLOOKUP(B54,[1]附件一!$B:$N,13,FALSE) -> 232 | M54: =VLOOKUP(B54,[1]附件一!$B:$O,14,FALSE) -> 232 | N54: =VLOOKUP(B54,[1]附件一!$B:$P,15,FALSE) -> 232
A55: 21 | B55: 011211000020000 | C55: 穿刺费（腹腔） | D55: 穿刺腹腔，并根据需要进行注药、冲洗、采集标本或抽吸气体、液体等操作。 | E55: 所定价格涵盖核对信息、摆位、定位、消毒、穿刺、抽吸、注药或冲洗、留取标本、拔除、固定止血、处理用物、记录，必要时连接引流装置等步骤所需的人力资源和基本物质资源消耗。 | F55: 01儿童加收 | H55: 次 | I55: 穿刺过程中同步留取样本按本项目收费，不与“活检取材费”同时收费。 | J55: =VLOOKUP(B55,[1]附件一!$B:$L,11,FALSE) -> 73 | K55: =VLOOKUP(B55,[1]附件一!$B:$M,12,FALSE) -> 73 | L55: =VLOOKUP(B55,[1]附件一!$B:$N,13,FALSE) -> 73 | M55: =VLOOKUP(B55,[1]附件一!$B:$O,14,FALSE) -> 73 | N55: =VLOOKUP(B55,[1]附件一!$B:$P,15,FALSE) -> 73 | O55: 甲类 | P55: 0
B56: 011211000020001 | C56: 穿刺费（腹腔）-儿童（加收） | J56: =VLOOKUP(B56,[1]附件一!$B:$L,11,FALSE) -> 22 | K56: =VLOOKUP(B56,[1]附件一!$B:$M,12,FALSE) -> 22 | L56: =VLOOKUP(B56,[1]附件一!$B:$N,13,FALSE) -> 22 | M56: =VLOOKUP(B56,[1]附件一!$B:$O,14,FALSE) -> 22 | N56: =VLOOKUP(B56,[1]附件一!$B:$P,15,FALSE) -> 22
A57: 22 | B57: 011211000030000 | C57: 穿刺费（骨髓） | D57: 穿刺骨髓，并根据需要进行注药、输液、冲洗、采集标本或抽吸气体、液体等操作。 | E57: 所定价格涵盖核对信息、摆位、定位、消毒、穿刺、抽吸、注药或冲洗、留取标本、拔除、固定止血、处理用物、记录，必要时连接引流装置等步骤所需的人力资源和基本物质资源消耗。 | F57: 01儿童加收 | H57: 次 | I57: 穿刺过程中同步留取样本按本项目收费，不与“活检取材费”同时收费。 | J57: =VLOOKUP(B57,[1]附件一!$B:$L,11,FALSE) -> 63 | K57: =VLOOKUP(B57,[1]附件一!$B:$M,12,FALSE) -> 63 | L57: =VLOOKUP(B57,[1]附件一!$B:$N,13,FALSE) -> 63 | M57: =VLOOKUP(B57,[1]附件一!$B:$O,14,FALSE) -> 63 | N57: =VLOOKUP(B57,[1]附件一!$B:$P,15,FALSE) -> 63 | O57: 甲类 | P57: 0
B58: 011211000030001 | C58: 穿刺费（骨髓）-儿童（加收） | J58: =VLOOKUP(B58,[1]附件一!$B:$L,11,FALSE) -> 19 | K58: =VLOOKUP(B58,[1]附件一!$B:$M,12,FALSE) -> 19 | L58: =VLOOKUP(B58,[1]附件一!$B:$N,13,FALSE) -> 19 | M58: =VLOOKUP(B58,[1]附件一!$B:$O,14,FALSE) -> 19 | N58: =VLOOKUP(B58,[1]附件一!$B:$P,15,FALSE) -> 19
A59: 23 | B59: 011211000040000 | C59: 穿刺费（腰椎） | D59: 穿刺腰椎，并根据需要进行注药、冲洗、采集标本或抽吸气体、液体等操作。 | E59: 所定价格涵盖核对信息、摆位、定位、消毒、穿刺、抽吸、注药或冲洗、留取标本、测压、拔除、固定止血、处理用物、记录，必要时连接引流装置等步骤所需的人力资源和基本物质资源消耗。 | F59: 01儿童加收 | H59: 次 | I59: 穿刺过程中同步留取样本按本项目收费，不与“活检取材费”同时收费。 | J59: =VLOOKUP(B59,[1]附件一!$B:$L,11,FALSE) -> 139 | K59: =VLOOKUP(B59,[1]附件一!$B:$M,12,FALSE) -> 139 | L59: =VLOOKUP(B59,[1]附件一!$B:$N,13,FALSE) -> 139 | M59: =VLOOKUP(B59,[1]附件一!$B:$O,14,FALSE) -> 139 | N59: =VLOOKUP(B59,[1]附件一!$B:$P,15,FALSE) -> 139 | O59: 甲类 | P59: 0
B60: 011211000040001 | C60: 穿刺费（腰椎）-儿童（加收） | J60: =VLOOKUP(B60,[1]附件一!$B:$L,11,FALSE) -> 42 | K60: =VLOOKUP(B60,[1]附件一!$B:$M,12,FALSE) -> 42 | L60: =VLOOKUP(B60,[1]附件一!$B:$N,13,FALSE) -> 42 | M60: =VLOOKUP(B60,[1]附件一!$B:$O,14,FALSE) -> 42 | N60: =VLOOKUP(B60,[1]附件一!$B:$P,15,FALSE) -> 42
A61: 24 | B61: 011211000050000 | C61: 穿刺费（关节） | D61: 穿刺关节，并根据需要进行注药、冲洗、采集标本或抽吸气体、液体等操作。 | E61: 所定价格涵盖核对信息、摆位、定位、消毒、穿刺、抽吸、注药或冲洗、留取标本、拔除、固定止血、处理用物、记录，必要时连接引流装置等步骤所需的人力资源和基本物质资源消耗。 | F61: 01儿童加收 | H61: 关节 | I61: 穿刺过程中同步留取样本按本项目收费，不与“活检取材费”同时收费。 | J61: =VLOOKUP(B61,[1]附件一!$B:$L,11,FALSE) -> 79 | K61: =VLOOKUP(B61,[1]附件一!$B:$M,12,FALSE) -> 79 | L61: =VLOOKUP(B61,[1]附件一!$B:$N,13,FALSE) -> 79 | M61: =VLOOKUP(B61,[1]附件一!$B:$O,14,FALSE) -> 79 | N61: =VLOOKUP(B61,[1]附件一!$B:$P,15,FALSE) -> 79 | O61: 甲类 | P61: 0
B62: 011211000050001 | C62: 穿刺费（关节）-儿童（加收） | J62: =VLOOKUP(B62,[1]附件一!$B:$L,11,FALSE) -> 24 | K62: =VLOOKUP(B62,[1]附件一!$B:$M,12,FALSE) -> 24 | L62: =VLOOKUP(B62,[1]附件一!$B:$N,13,FALSE) -> 24 | M62: =VLOOKUP(B62,[1]附件一!$B:$O,14,FALSE) -> 24 | N62: =VLOOKUP(B62,[1]附件一!$B:$P,15,FALSE) -> 24
A63: 25 | B63: 011204000010000 | C63: 置管费（胃管） | D63: 通过人体自然腔道或瘘口，将胃管置入胃内。 | E63: 所定价格涵盖核对信息、评估、清洁腔道、测量、润滑、置管、定位、固定、记录、拔管、必要时行注气压迫、处理用物等步骤所需的人力资源和基本物质资源消耗。 | F63: 01儿童加收 11食道/胃底静脉曲张置管 | H63: 次 | I63: 患者自行选择非置管医疗机构拔管的按50%收取。 | J63: =VLOOKUP(B63,[1]附件一!$B:$L,11,FALSE) -> 13 | K63: =VLOOKUP(B63,[1]附件一!$B:$M,12,FALSE) -> 13 | L63: =VLOOKUP(B63,[1]附件一!$B:$N,13,FALSE) -> 13 | M63: =VLOOKUP(B63,[1]附件一!$B:$O,14,FALSE) -> 13 | N63: =VLOOKUP(B63,[1]附件一!$B:$P,15,FALSE) -> 13 | O63: 甲类 | P63: 0
B64: 011204000010001 | C64: 置管费（胃管）-儿童（加收） | J64: =VLOOKUP(B64,[1]附件一!$B:$L,11,FALSE) -> 4 | K64: =VLOOKUP(B64,[1]附件一!$B:$M,12,FALSE) -> 4 | L64: =VLOOKUP(B64,[1]附件一!$B:$N,13,FALSE) -> 4 | M64: =VLOOKUP(B64,[1]附件一!$B:$O,14,FALSE) -> 4 | N64: =VLOOKUP(B64,[1]附件一!$B:$P,15,FALSE) -> 4
B65: 011204000010011 | C65: 置管费（胃管）-食道/胃底静脉曲张置管（加收） | J65: =VLOOKUP(B65,[1]附件一!$B:$L,11,FALSE) -> 82 | K65: =VLOOKUP(B65,[1]附件一!$B:$M,12,FALSE) -> 82 | L65: =VLOOKUP(B65,[1]附件一!$B:$N,13,FALSE) -> 82 | M65: =VLOOKUP(B65,[1]附件一!$B:$O,14,FALSE) -> 82 | N65: =VLOOKUP(B65,[1]附件一!$B:$P,15,FALSE) -> 82
A66: 26 | B66: 011204000020000 | C66: 置管费（肠管） | D66: 通过人体自然腔道或瘘口，将肠管置入插至小肠(十二指肠或空肠)。 | E66: 所定价格涵盖核对信息、评估、清洁腔道、测量、润滑、置管、定位、固定、记录、拔管、处理用物等步骤所需的人力资源和基本物质资源消耗。 | F66: 01儿童加收 | H66: 次 | I66: 患者自行选择非置管医疗机构拔管的按50%收取。 | J66: =VLOOKUP(B66,[1]附件一!$B:$L,11,FALSE) -> 27 | K66: =VLOOKUP(B66,[1]附件一!$B:$M,12,FALSE) -> 27 | L66: =VLOOKUP(B66,[1]附件一!$B:$N,13,FALSE) -> 27 | M66: =VLOOKUP(B66,[1]附件一!$B:$O,14,FALSE) -> 27 | N66: =VLOOKUP(B66,[1]附件一!$B:$P,15,FALSE) -> 27 | O66: 甲类 | P66: 0
B67: 011204000020001 | C67: 置管费（肠管）-儿童（加收） | J67: =VLOOKUP(B67,[1]附件一!$B:$L,11,FALSE) -> 8 | K67: =VLOOKUP(B67,[1]附件一!$B:$M,12,FALSE) -> 8 | L67: =VLOOKUP(B67,[1]附件一!$B:$N,13,FALSE) -> 8 | M67: =VLOOKUP(B67,[1]附件一!$B:$O,14,FALSE) -> 8 | N67: =VLOOKUP(B67,[1]附件一!$B:$P,15,FALSE) -> 8
A68: 27 | B68: 011204000030000 | C68: 置管费（中心静脉/深静脉） | D68: 将各类管路置入中心静脉/深静脉部位，建立通道。 | E68: 所定价格涵盖核对信息、评估、定位、消毒、穿刺、置管、固定、记录、处理用物等步骤所需的人力资源和基本物质资源消耗。 | F68: 01儿童加收 | H68: 次 | J68: =VLOOKUP(B68,[1]附件一!$B:$L,11,FALSE) -> 198 | K68: =VLOOKUP(B68,[1]附件一!$B:$M,12,FALSE) -> 198 | L68: =VLOOKUP(B68,[1]附件一!$B:$N,13,FALSE) -> 198 | M68: =VLOOKUP(B68,[1]附件一!$B:$O,14,FALSE) -> 198 | N68: =VLOOKUP(B68,[1]附件一!$B:$P,15,FALSE) -> 198 | O68: 甲类 | P68: 0
B69: 011204000030001 | C69: 置管费（中心静脉/深静脉）-儿童（加收） | J69: =VLOOKUP(B69,[1]附件一!$B:$L,11,FALSE) -> 59 | K69: =VLOOKUP(B69,[1]附件一!$B:$M,12,FALSE) -> 59 | L69: =VLOOKUP(B69,[1]附件一!$B:$N,13,FALSE) -> 59 | M69: =VLOOKUP(B69,[1]附件一!$B:$O,14,FALSE) -> 59 | N69: =VLOOKUP(B69,[1]附件一!$B:$P,15,FALSE) -> 59
A70: 28 | B70: 011204000040000 | C70: 置管费（动脉） | D70: 将管路置入动脉部位，建立通道。 | E70: 所定价格涵盖核对信息、评估、定位、消毒、穿刺、置管、固定、记录、处理用物等步骤所需的人力资源和基本物质资源消耗。 | F70: 01儿童加收 | H70: 次 | J70: =VLOOKUP(B70,[1]附件一!$B:$L,11,FALSE) -> 63 | K70: =VLOOKUP(B70,[1]附件一!$B:$M,12,FALSE) -> 63 | L70: =VLOOKUP(B70,[1]附件一!$B:$N,13,FALSE) -> 63 | M70: =VLOOKUP(B70,[1]附件一!$B:$O,14,FALSE) -> 63 | N70: =VLOOKUP(B70,[1]附件一!$B:$P,15,FALSE) -> 63 | O70: 甲类 | P70: 0
B71: 011204000040001 | C71: 置管费（动脉）-儿童（加收） | J71: =VLOOKUP(B71,[1]附件一!$B:$L,11,FALSE) -> 19 | K71: =VLOOKUP(B71,[1]附件一!$B:$M,12,FALSE) -> 19 | L71: =VLOOKUP(B71,[1]附件一!$B:$N,13,FALSE) -> 19 | M71: =VLOOKUP(B71,[1]附件一!$B:$O,14,FALSE) -> 19 | N71: =VLOOKUP(B71,[1]附件一!$B:$P,15,FALSE) -> 19
A72: 29 | B72: 011204000050000 | C72: 置管费（脐血管） | D72: 将管路置入脐血管，建立通道。 | E72: 所定价格涵盖核对信息、评估、测量、消毒、切断残端、穿刺、置管、固定、连接输液器、记录、处理用物等步骤所需的人力资源和基本物质资源消耗。 | H72: 次 | J72: =VLOOKUP(B72,[1]附件一!$B:$L,11,FALSE) -> 198 | K72: =VLOOKUP(B72,[1]附件一!$B:$M,12,FALSE) -> 198 | L72: =VLOOKUP(B72,[1]附件一!$B:$N,13,FALSE) -> 198 | M72: =VLOOKUP(B72,[1]附件一!$B:$O,14,FALSE) -> 198 | N72: =VLOOKUP(B72,[1]附件一!$B:$P,15,FALSE) -> 198 | O72: 甲类 | P72: 0
A73: 30 | B73: 011204000060000 | C73: 拔管费 | D73: 通过各种方式拔除置入体内的管路。 | E73: 所定价格涵盖核对信息、评估、消毒、拔管、必要时包扎、缝合、固定等步骤所需的人力资源和基本物质资源消耗。 | F73: 01儿童加收 | H73: 次 | I73: 本项目适用于中心静脉/深静脉、动脉、脐血管置管相关项目。 | J73: =VLOOKUP(B73,[1]附件一!$B:$L,11,FALSE) -> 18 | K73: =VLOOKUP(B73,[1]附件一!$B:$M,12,FALSE) -> 18 | L73: =VLOOKUP(B73,[1]附件一!$B:$N,13,FALSE) -> 18 | M73: =VLOOKUP(B73,[1]附件一!$B:$O,14,FALSE) -> 18 | N73: =VLOOKUP(B73,[1]附件一!$B:$P,15,FALSE) -> 18 | O73: 甲类 | P73: 0
B74: 011204000060001 | C74: 拔管费-儿童（加收） | J74: =VLOOKUP(B74,[1]附件一!$B:$L,11,FALSE) -> 5 | K74: =VLOOKUP(B74,[1]附件一!$B:$M,12,FALSE) -> 5 | L74: =VLOOKUP(B74,[1]附件一!$B:$N,13,FALSE) -> 5 | M74: =VLOOKUP(B74,[1]附件一!$B:$O,14,FALSE) -> 5 | N74: =VLOOKUP(B74,[1]附件一!$B:$P,15,FALSE) -> 5
A75: 31 | B75: 011204000070000 | C75: 药物输注装置置入费 | D75: 将植入式药物输注装置管路置入皮下，建立给药通道。 | E75: 所定价格涵盖核对信息、定位、消毒、切开、置入、固定、缝合、记录、处理用物等步骤所需的人力资源和基本物质资源消耗。 | F75: 01儿童加收 | H75: 次 | J75: =VLOOKUP(B75,[1]附件一!$B:$L,11,FALSE) -> 630 | K75: =VLOOKUP(B75,[1]附件一!$B:$M,12,FALSE) -> 630 | L75: =VLOOKUP(B75,[1]附件一!$B:$N,13,FALSE) -> 630 | M75: =VLOOKUP(B75,[1]附件一!$B:$O,14,FALSE) -> 630 | N75: =VLOOKUP(B75,[1]附件一!$B:$P,15,FALSE) -> 630 | O75: 乙类 | P75: 0.2
B76: 011204000070001 | C76: 药物输注装置置入费-儿童（加收） | J76: =VLOOKUP(B76,[1]附件一!$B:$L,11,FALSE) -> 189 | K76: =VLOOKUP(B76,[1]附件一!$B:$M,12,FALSE) -> 189 | L76: =VLOOKUP(B76,[1]附件一!$B:$N,13,FALSE) -> 189 | M76: =VLOOKUP(B76,[1]附件一!$B:$O,14,FALSE) -> 189 | N76: =VLOOKUP(B76,[1]附件一!$B:$P,15,FALSE) -> 189
A77: 32 | B77: 011204000080000 | C77: 药物输注装置取出费 | D77: 取出置入皮下的植入式药物输注装置。 | E77: 所定价格涵盖核对信息、定位、消毒、切开、取出、缝合、记录、处理用物等步骤所需的人力资源和基本物质资源消耗。 | F77: 01儿童加收 | H77: 次 | J77: =VLOOKUP(B77,[1]附件一!$B:$L,11,FALSE) -> 90 | K77: =VLOOKUP(B77,[1]附件一!$B:$M,12,FALSE) -> 90 | L77: =VLOOKUP(B77,[1]附件一!$B:$N,13,FALSE) -> 90 | M77: =VLOOKUP(B77,[1]附件一!$B:$O,14,FALSE) -> 90 | N77: =VLOOKUP(B77,[1]附件一!$B:$P,15,FALSE) -> 90 | O77: 乙类 | P77: 0.2
B78: 011204000080001 | C78: 药物输注装置取出费-儿童（加收） | J78: =VLOOKUP(B78,[1]附件一!$B:$L,11,FALSE) -> 27 | K78: =VLOOKUP(B78,[1]附件一!$B:$M,12,FALSE) -> 27 | L78: =VLOOKUP(B78,[1]附件一!$B:$N,13,FALSE) -> 27 | M78: =VLOOKUP(B78,[1]附件一!$B:$O,14,FALSE) -> 27 | N78: =VLOOKUP(B78,[1]附件一!$B:$P,15,FALSE) -> 27
A79: 33 | B79: 013102000010000 | C79: 药物输注泵安装费 | D79: 体表安装胰岛素泵等药物输注泵，输入激素等药物。 | E79: 所定价格涵盖胰岛素泵等输注泵的体表贴敷安装、设定、调节、输注、管路维护、更换储药器等相关耗材、拆除、记录、处理用物等步骤所需的人力资源与基本资源消耗。 | H79: 次 | J79: =VLOOKUP(B79,[1]附件一!$B:$L,11,FALSE) -> 135 | K79: =VLOOKUP(B79,[1]附件一!$B:$M,12,FALSE) -> 135 | L79: =VLOOKUP(B79,[1]附件一!$B:$N,13,FALSE) -> 135 | M79: =VLOOKUP(B79,[1]附件一!$B:$O,14,FALSE) -> 135 | N79: =VLOOKUP(B79,[1]附件一!$B:$P,15,FALSE) -> 135 | O79: 乙类 | P79: 0.2
A80: 34 | B80: 011209000010000 | C80: 氧气吸入费 | D80: 通过吸入氧气，达到改善组织缺氧的目的。 | E80: 所定价格涵盖核对信息、评估、连接、调节、供氧、固定、观察、记录、处理用物等步骤所需的人力资源和基本物质资源消耗（含氧气）。 | F80: 01高流量吸氧 | H80: 小时 | I80: 1.不与“呼吸机辅助呼吸费（无创）”和“呼吸机辅助呼吸费（有创）”同时收费。 2.本项目所称的“高流量吸氧”指：吸氧流量≥5L/min。 | J80: =VLOOKUP(B80,[1]附件一!$B:$L,11,FALSE) -> 4 | K80: =VLOOKUP(B80,[1]附件一!$B:$M,12,FALSE) -> 4 | L80: =VLOOKUP(B80,[1]附件一!$B:$N,13,FALSE) -> 4 | M80: =VLOOKUP(B80,[1]附件一!$B:$O,14,FALSE) -> 4 | N80: =VLOOKUP(B80,[1]附件一!$B:$P,15,FALSE) -> 4 | O80: 甲类 | P80: 0
B81: 011209000010001 | C81: 氧气吸入费-高流量吸氧（加收） | J81: =VLOOKUP(B81,[1]附件一!$B:$L,11,FALSE) -> 1 | K81: =VLOOKUP(B81,[1]附件一!$B:$M,12,FALSE) -> 1 | L81: =VLOOKUP(B81,[1]附件一!$B:$N,13,FALSE) -> 1 | M81: =VLOOKUP(B81,[1]附件一!$B:$O,14,FALSE) -> 1 | N81: =VLOOKUP(B81,[1]附件一!$B:$P,15,FALSE) -> 1
A82: 35 | B82: 011212000010000 | C82: 呼吸机辅助呼吸费（无创） | D82: 通过无创方式连接呼吸机，辅助患者进行机械通气治疗。 | E82: 所定价格涵盖核对信息、评估、连接、设定及调节、辅助通气、氧气吸入、观察、记录、处理用物等步骤所需的人力资源和基本物质资源消耗（含氧气）。 | F82: 01儿童加收 11高流量吸氧 | H82: 小时 | I82: 1.不与“氧气吸入费”同时收费。 2.本项目所称的“高流量吸氧”指：吸氧流量≥5L/min。 | J82: =VLOOKUP(B82,[1]附件一!$B:$L,11,FALSE) -> 11 | K82: =VLOOKUP(B82,[1]附件一!$B:$M,12,FALSE) -> 11 | L82: =VLOOKUP(B82,[1]附件一!$B:$N,13,FALSE) -> 11 | M82: =VLOOKUP(B82,[1]附件一!$B:$O,14,FALSE) -> 11 | N82: =VLOOKUP(B82,[1]附件一!$B:$P,15,FALSE) -> 11 | O82: 乙类 | P82: 0.2
B83: 011212000010001 | C83: 呼吸机辅助呼吸费（无创）-儿童（加收） | J83: =VLOOKUP(B83,[1]附件一!$B:$L,11,FALSE) -> 3 | K83: =VLOOKUP(B83,[1]附件一!$B:$M,12,FALSE) -> 3 | L83: =VLOOKUP(B83,[1]附件一!$B:$N,13,FALSE) -> 3 | M83: =VLOOKUP(B83,[1]附件一!$B:$O,14,FALSE) -> 3 | N83: =VLOOKUP(B83,[1]附件一!$B:$P,15,FALSE) -> 3
B84: 011212000010011 | C84: 呼吸机辅助呼吸费（无创）-高流量吸氧（加收） | J84: =VLOOKUP(B84,[1]附件一!$B:$L,11,FALSE) -> 3 | K84: =VLOOKUP(B84,[1]附件一!$B:$M,12,FALSE) -> 3 | L84: =VLOOKUP(B84,[1]附件一!$B:$N,13,FALSE) -> 3 | M84: =VLOOKUP(B84,[1]附件一!$B:$O,14,FALSE) -> 3 | N84: =VLOOKUP(B84,[1]附件一!$B:$P,15,FALSE) -> 3
A85: 36 | B85: 011212000020000 | C85: 呼吸机辅助呼吸费（有创） | D85: 指呼吸机连接人工气道，辅助危重症患者进行正压机械通气治疗。 | E85: 所定价格涵盖核对信息、评估、连接、检测、气道湿化、设定及调节、辅助通气、氧气吸入、观察、记录、处理用物等步骤所需的人力资源和基本物质资源消耗（含氧气）。 | F85: 01儿童加收 11高流量吸氧 | H85: 小时 | I85: 1.不与“氧气吸入费”同时收费。 2.本项目所称的“高流量吸氧”指：吸氧流量≥5L/min。 | J85: =VLOOKUP(B85,[1]附件一!$B:$L,11,FALSE) -> 22 | K85: =VLOOKUP(B85,[1]附件一!$B:$M,12,FALSE) -> 22 | L85: =VLOOKUP(B85,[1]附件一!$B:$N,13,FALSE) -> 22 | M85: =VLOOKUP(B85,[1]附件一!$B:$O,14,FALSE) -> 22 | N85: =VLOOKUP(B85,[1]附件一!$B:$P,15,FALSE) -> 22 | O85: 乙类 | P85: 0.2
B86: 011212000020001 | C86: 呼吸机辅助呼吸费（有创）-儿童（加收） | J86: =VLOOKUP(B86,[1]附件一!$B:$L,11,FALSE) -> 6 | K86: =VLOOKUP(B86,[1]附件一!$B:$M,12,FALSE) -> 6 | L86: =VLOOKUP(B86,[1]附件一!$B:$N,13,FALSE) -> 6 | M86: =VLOOKUP(B86,[1]附件一!$B:$O,14,FALSE) -> 6 | N86: =VLOOKUP(B86,[1]附件一!$B:$P,15,FALSE) -> 6
B87: 011212000020011 | C87: 呼吸机辅助呼吸费（有创）-高流量吸氧（加收） | J87: =VLOOKUP(B87,[1]附件一!$B:$L,11,FALSE) -> 5 | K87: =VLOOKUP(B87,[1]附件一!$B:$M,12,FALSE) -> 5 | L87: =VLOOKUP(B87,[1]附件一!$B:$N,13,FALSE) -> 5 | M87: =VLOOKUP(B87,[1]附件一!$B:$O,14,FALSE) -> 5 | N87: =VLOOKUP(B87,[1]附件一!$B:$P,15,FALSE) -> 5
A88: 37 | B88: 011213000010000 | C88: 吸/排痰费（人工） | D88: 通过人工方式，吸出分泌物或异物，或促进分泌物液化脱落，保持呼吸道通畅，包括必要时建立咽部通气道。 | E88: 所定价格涵盖核对信息、评估、叩背、排痰、吸出、清洗、观察、记录、处理用物等步骤所需的人力资源和基本物质资源消耗。 | F88: 01儿童加收 | H88: 次 | I88: 每天不超过30元。 | J88: =VLOOKUP(B88,[1]附件一!$B:$L,11,FALSE) -> 4 | K88: =VLOOKUP(B88,[1]附件一!$B:$M,12,FALSE) -> 4 | L88: =VLOOKUP(B88,[1]附件一!$B:$N,13,FALSE) -> 4 | M88: =VLOOKUP(B88,[1]附件一!$B:$O,14,FALSE) -> 4 | N88: =VLOOKUP(B88,[1]附件一!$B:$P,15,FALSE) -> 4 | O88: 甲类 | P88: 0
B89: 011213000010001 | C89: 吸/排痰费（人工）-儿童（加收） | I89: 每天不超过40元。 | J89: =VLOOKUP(B89,[1]附件一!$B:$L,11,FALSE) -> 1 | K89: =VLOOKUP(B89,[1]附件一!$B:$M,12,FALSE) -> 1 | L89: =VLOOKUP(B89,[1]附件一!$B:$N,13,FALSE) -> 1 | M89: =VLOOKUP(B89,[1]附件一!$B:$O,14,FALSE) -> 1 | N89: =VLOOKUP(B89,[1]附件一!$B:$P,15,FALSE) -> 1
A90: 38 | B90: 011213000020000 | C90: 吸痰费（机器） | D90: 通过吸痰设备等辅助方式，吸出呼吸道代谢物。 | E90: 所定价格涵盖核对信息、评估、连接呼吸机、负压吸出、处理用物等步骤所需的人力资源和基本物质资源消耗。 | H90: 日 | J90: =VLOOKUP(B90,[1]附件一!$B:$L,11,FALSE) -> 90 | K90: =VLOOKUP(B90,[1]附件一!$B:$M,12,FALSE) -> 90 | L90: =VLOOKUP(B90,[1]附件一!$B:$N,13,FALSE) -> 90 | M90: =VLOOKUP(B90,[1]附件一!$B:$O,14,FALSE) -> 90 | N90: =VLOOKUP(B90,[1]附件一!$B:$P,15,FALSE) -> 90 | O90: 甲类 | P90: 0
A91: 39 | B91: 011213000030000 | C91: 排痰费（机器） | D91: 通过排痰机等辅助方式，协助无力自主排痰患者排出呼吸道代谢物。 | E91: 所定价格涵盖核对信息、评估、叩背、排痰、吸出、清洗、观察、记录、处理用物等步骤所需的人力资源和基本物质资源消耗。 | H91: 日 | J91: =VLOOKUP(B91,[1]附件一!$B:$L,11,FALSE) -> 45 | K91: =VLOOKUP(B91,[1]附件一!$B:$M,12,FALSE) -> 45 | L91: =VLOOKUP(B91,[1]附件一!$B:$N,13,FALSE) -> 45 | M91: =VLOOKUP(B91,[1]附件一!$B:$O,14,FALSE) -> 45 | N91: =VLOOKUP(B91,[1]附件一!$B:$P,15,FALSE) -> 45 | O91: 甲类 | P91: 0
A92: 40 | B92: 011209000020000 | C92: 高压氧舱治疗费 | D92: 通过在高压环境中吸氧，提升血氧浓度，改善缺氧、促进修复、抑制炎症和感染。 | E92: 所定价格涵盖核对信息、加压准备、稳压吸氧、减压、观察、以及必要时监护等步骤所需的人力资源和基本物质资源消耗。 | F92: 01单人高压氧舱治疗 | H92: 次 | J92: =VLOOKUP(B92,[1]附件一!$B:$L,11,FALSE) -> 117 | K92: =VLOOKUP(B92,[1]附件一!$B:$M,12,FALSE) -> 117 | L92: =VLOOKUP(B92,[1]附件一!$B:$N,13,FALSE) -> 117 | M92: =VLOOKUP(B92,[1]附件一!$B:$O,14,FALSE) -> 117 | N92: =VLOOKUP(B92,[1]附件一!$B:$P,15,FALSE) -> 117 | O92: 乙类 | P92: 0.2
B93: 011209000020001 | C93: 高压氧舱治疗费-单人高压氧舱治疗（加收） | J93: =VLOOKUP(B93,[1]附件一!$B:$L,11,FALSE) -> 27 | K93: =VLOOKUP(B93,[1]附件一!$B:$M,12,FALSE) -> 27 | L93: =VLOOKUP(B93,[1]附件一!$B:$N,13,FALSE) -> 27 | M93: =VLOOKUP(B93,[1]附件一!$B:$O,14,FALSE) -> 27 | N93: =VLOOKUP(B93,[1]附件一!$B:$P,15,FALSE) -> 27
A94: 41 | B94: 011214000010000 | C94: 气管插管费（自然腔道） | D94: 将导管插入患者气管，维持患者呼吸。 | E94: 所定价格涵盖核对信息、体位摆放、置入、插管、定位、连接、固定、观察、记录、拔管、处理用物等步骤所需的人力资源和基本物质资源消耗。 | F94: 01儿童加收 11特殊方法气管插管 | H94: 次 | I94: 本项目所称的“特殊方法气管插管”指：经纤维喉镜或气管镜置管、经口盲探或逆行法气管插管。 | J94: =VLOOKUP(B94,[1]附件一!$B:$L,11,FALSE) -> 90 | K94: =VLOOKUP(B94,[1]附件一!$B:$M,12,FALSE) -> 90 | L94: =VLOOKUP(B94,[1]附件一!$B:$N,13,FALSE) -> 90 | M94: =VLOOKUP(B94,[1]附件一!$B:$O,14,FALSE) -> 90 | N94: =VLOOKUP(B94,[1]附件一!$B:$P,15,FALSE) -> 90 | O94: 乙类 | P94: 0.2
B95: 011214000010001 | C95: 气管插管费（自然腔道）-儿童（加收） | J95: =VLOOKUP(B95,[1]附件一!$B:$L,11,FALSE) -> 27 | K95: =VLOOKUP(B95,[1]附件一!$B:$M,12,FALSE) -> 27 | L95: =VLOOKUP(B95,[1]附件一!$B:$N,13,FALSE) -> 27 | M95: =VLOOKUP(B95,[1]附件一!$B:$O,14,FALSE) -> 27 | N95: =VLOOKUP(B95,[1]附件一!$B:$P,15,FALSE) -> 27
B96: 011214000010011 | C96: 气管插管费（自然腔道）-特殊方法气管插管（加收） | J96: =VLOOKUP(B96,[1]附件一!$B:$L,11,FALSE) -> 179 | K96: =VLOOKUP(B96,[1]附件一!$B:$M,12,FALSE) -> 179 | L96: =VLOOKUP(B96,[1]附件一!$B:$N,13,FALSE) -> 179 | M96: =VLOOKUP(B96,[1]附件一!$B:$O,14,FALSE) -> 179 | N96: =VLOOKUP(B96,[1]附件一!$B:$P,15,FALSE) -> 179
A97: 42 | B97: 011214000020000 | C97: 气管插管费（有创） | D97: 通过切开或穿刺方式将导管插入患者气管，维持患者呼吸。 | E97: 所定价格涵盖核对信息、体位摆放、切开、置入、插管、定位、连接、固定、观察、记录、拔管、缝合、包扎、处理用物等步骤所需的人力资源和基本物质资源消耗。 | F97: 01儿童加收 | H97: 次 | J97: =VLOOKUP(B97,[1]附件一!$B:$L,11,FALSE) -> 495 | K97: =VLOOKUP(B97,[1]附件一!$B:$M,12,FALSE) -> 495 | L97: =VLOOKUP(B97,[1]附件一!$B:$N,13,FALSE) -> 495 | M97: =VLOOKUP(B97,[1]附件一!$B:$O,14,FALSE) -> 495 | N97: =VLOOKUP(B97,[1]附件一!$B:$P,15,FALSE) -> 495 | O97: 甲类 | P97: 0
B98: 011214000020001 | C98: 气管插管费（有创）-儿童（加收） | J98: =VLOOKUP(B98,[1]附件一!$B:$L,11,FALSE) -> 149 | K98: =VLOOKUP(B98,[1]附件一!$B:$M,12,FALSE) -> 149 | L98: =VLOOKUP(B98,[1]附件一!$B:$N,13,FALSE) -> 149 | M98: =VLOOKUP(B98,[1]附件一!$B:$O,14,FALSE) -> 149 | N98: =VLOOKUP(B98,[1]附件一!$B:$P,15,FALSE) -> 149
A99: 43 | B99: 011215000010000 | C99: 静脉测压费（人工） | D99: 通过人工方式测量中心或周围静脉压，判断患者血容量及心功能状态。 | E99: 所定价格涵盖核对信息、评估、体位摆放、连接、固定、校零、测量、记录、冲管、处理用物等步骤所需的人力资源和基本物质资源消耗。 | F99: 01儿童加收 | H99: 次 | J99: =VLOOKUP(B99,[1]附件一!$B:$L,11,FALSE) -> 9 | K99: =VLOOKUP(B99,[1]附件一!$B:$M,12,FALSE) -> 9 | L99: =VLOOKUP(B99,[1]附件一!$B:$N,13,FALSE) -> 9 | M99: =VLOOKUP(B99,[1]附件一!$B:$O,14,FALSE) -> 9 | N99: =VLOOKUP(B99,[1]附件一!$B:$P,15,FALSE) -> 9 | O99: 甲类 | P99: 0
B100: 011215000010001 | C100: 静脉测压费（人工）-儿童（加收） | J100: =VLOOKUP(B100,[1]附件一!$B:$L,11,FALSE) -> 3 | K100: =VLOOKUP(B100,[1]附件一!$B:$M,12,FALSE) -> 3 | L100: =VLOOKUP(B100,[1]附件一!$B:$N,13,FALSE) -> 3 | M100: =VLOOKUP(B100,[1]附件一!$B:$O,14,FALSE) -> 3 | N100: =VLOOKUP(B100,[1]附件一!$B:$P,15,FALSE) -> 3
...
